 Dungeon Crawl Stone Soup version 0.27.1 (webtiles) character file.

Game seed: 2070452132011776839

22 Malachi the Skirmisher (level 2, 0/26 HPs)
             Began as a Ghoul Fighter on Aug 22, 2021.
             Slain by a worm (6 damage)
             ... on level 1 of the Dungeon.
             The game lasted 00:02:01 (1605 turns).

Malachi the Skirmisher (Ghoul Fighter)              Turns: 1605, Time: 00:02:02

Health: 0/26       AC:  6    Str: 19    XL:     2   Next: 91%
Magic:  1/1        EV:  7    Int:  3    God:
Gold:   64         SH:  9    Dex:  8    Spells: 1/1 levels left

rFire    . . .     SeeInvis .   a - +1 flail
rCold    + . .     Faith    .   c - +1 kite shield
rNeg     + + +     Spirit   .   b - +0 scale mail
rPois    ∞         Reflect  .   (no helmet)
rElec    .         Harm     .   (no cloak)
rCorr    .         Rampage  .   (no gloves)
Will     .....                  (no boots)
Stlth    ..........             (no amulet)
HPRegen  0.00/turn              (no ring)
MPRegen  0.07/turn              (no ring)

@: inhibited regen
A: claws 1, cold resistance 1, negative energy resistance 3, inhibited
regeneration, torment resistance 2
a: no special abilities


You were on level 1 of the Dungeon.
You visited 1 branch of the dungeon, and saw 2 of its levels.

You collected 64 gold pieces.

Inventory:

Hand Weapons
 a - a +1 flail (weapon)
 g - a +3 short sword of speed
Armour
 b - a +0 scale mail (worn)
 c - a +1 kite shield (worn)
Potions
 d - 3 potions of might
 e - a potion of magic {unknown}
 f - a potion of curing {unknown}


   Skills:
 + Level 3.6 Fighting
 + Level 2.1 Maces & Flails
 + Level 2.9 Armour
 + Level 2.9 Shields


You had one spell level left.
You didn't know any spells.
Your spell library was empty.

Dungeon Overview and Level Annotations

Branches:
Dungeon (2/15)

Altars:

Shops:
D:1 *


Innate Abilities, Weirdness & Mutations

You thrive by killing the living.
You are immune to poison.
You have sharp fingernails.
Your flesh is cold resistant. (rC+)
You are immune to negative energy. (rN+++)
You do not regenerate when monsters are visible.
You are immune to unholy pain and torment.


Message History

The bat closely misses you.
You completely miss the bat. You block the bat's attack.
The bat hits you but does no damage. The bat hits you but does no damage.
The bat hits you but does no damage. x2
You closely miss the bat. The bat hits you but does no damage.
You closely miss the bat. The bat hits you but does no damage.
You closely miss the bat. You block the bat's attack.
The bat hits you but does no damage. x2
You block the bat's attack. x2
You completely miss the bat. The bat hits you.
* * * LOW HITPOINT WARNING * * *
The bat hits you but does no damage. The bat hits you.
* * * LOW HITPOINT WARNING * * *
You closely miss the bat. You block the bat's attack.
The bat hits you but does no damage. The bat closely misses you.
You hit the bat.
You kill the bat!
You see here a +0 dagger.
You start resting.
A worm is nearby!
A worm is nearby!
You start resting.
A worm is nearby!
A worm is nearby!
Sorry, you're not good enough to have a special ability.
Sorry, you're not good enough to have a special ability.
Sorry, you're not good enough to have a special ability.
You start resting.
A worm is nearby!
A worm is nearby!
A worm is nearby!
You start resting.
A worm is nearby!
A worm is nearby!
A worm is nearby!
The worm barely misses you.
You hit the worm but do no damage. The worm bites you but does no damage.
You hit the worm but do no damage. The worm bites you.
You die...

#.# #....# ####### #.# #.##.####
..)...# #.#########.#.....#
#####.## #(.......w........#
##..## ########.#.#####..# #....#
#########.#..w.....# #....#
#......w..######...#
####....#######w###########.....#
................@.............>.#
#######.#######.###########..[#.#
#..# #.# #...#.# ##.## #)#
#.###.# ##..#####.# #.....#
#.........#################
#.........#..........#
#.........#.........)#
#######.........#........†.##


You could see a worm.

Vanquished Creatures
  2 endoplasms (D:1)
  2 goblins (D:1)
  3 hobgoblins
  4 kobolds
  A ball python (D:1)
  4 bats (D:1)
  4 frilled lizards (D:1)
  A rat (D:1)
21 creatures vanquished.

Notes
Turn   | Place    | Note
-------+----------+-------------------------------------------
     0 | D:1      | Malachi the Ghoul Fighter began the quest for the Orb.
     0 | D:1      | Reached XP level 1. HP: 19/19 MP: 0/0
   235 | D:1      | Found Ronibug's Assorted Antiques.
   242 | D:1      | Reached XP level 2. HP: 26/26 MP: 1/1
  1605 | D:1      | Slain by a worm

Illustrated notes

Levels and vault maps discovered:
D:1:      sevenhm_arrival_forest_fort_large_2, layout_basic, serial_shops,
          nicolae_shop_trees
D:2:      layout_rooms, ebering_ecumenical_altar_webs, uniq_natasha

Skill      XL: |  1  2 |
---------------+-------+-----
Maces & Flails | 2 |  2.1
Fighting       | |  3.6
Armour         | |  2.9
Shields        | |  2.9

Action                   || total
-------------------------++-------
Melee: Flail             ||    78
  Use: Scroll            ||     5
Armor: Scale mail        ||    58
Dodge: Dodged            ||    30
Block: Kite shield       ||    65
